 Dungeon Crawl Stone Soup version 0.30-a0-959-g3818848631 (webtiles) character file.

Game seed: 15984136540966897326

1202 Jannitor the Ducker (level 8, -1/60 HPs)
             Began as a Djinni Chaos Knight on Mar 30, 2023.
             Was a Plaything of Xom.
             Slain by Blork the orc
             ... wielding a +0 long sword
              (6 damage)
             ... on level 5 of the Dungeon.
             The game lasted 00:06:15 (3948 turns).

Jannitor the Ducker (Djinni Chaos Knight)           Turns: 3948, Time: 00:06:17

Health: -1/60      AC:  6    Str: 11    XL:     8   Next: 73%
Gold:   167        EV: 13    Int: 16    God:    Xom [..*...] SH:  0 Dex: 13

rFire   + + .      SeeInvis .    o - +4 dagger (elec)
rCold   x . .      Faith    .    (no shield)
rNeg    . . .      Spirit   .    b - +3 leather armour
rPois   ∞          Reflect  .    (no helmet)
rElec   .          Rampage  .    (no cloak)
rCorr   .                        (no gloves)
Will    .....                    (boots unavailable)
Stlth   ++                       (no amulet)
HPRegen 0.30/turn                (no ring)
MPRegen 0.00/turn                (no ring)

@: attractive, flying
A: sickness immunity, fire resistance 2, cold vulnerability 1, float, innate
caster, HP casting, extra vitality 1
a: Renounce Religion


You were on level 5 of the Dungeon.
You worshipped Xom.
You were a toy of Xom.
You visited 1 branch of the dungeon, and saw 5 of its levels.

You collected 167 gold pieces.

Inventory:

Hand Weapons
 a - a +0 short sword of chaos
 o - a +4 dagger of electrocution (weapon)
Missiles
 m - a throwing net
Armour
 b - a +3 leather armour (worn)
 e - a +0 buckler
Jewellery
 h - an amulet of regeneration
Wands
 r - a wand of polymorph (19)
Scrolls
 d - a scroll of enchant armour
 n - 3 scrolls of identify {unknown}
 q - a scroll of vulnerability {unknown}
Potions
 g - a potion of attraction
 l - a potion of flight {unknown}
 p - 3 potions of curing {unknown}
Miscellaneous
 c - a piece from Xom's chessboard (15/15) (quivered)


   Skills:
 + Level 5.4 Fighting
 + Level 4.9 Short Blades
 - Level 2.7 Armour
 + Level 5.4 Dodging
 + Level 3.0 Stealth
 + Level 2.4 Spellcasting


You knew the following spells:

 Your Spells              Type           Power      Damage    Failure   Level
a - Beastly Appendage     Tmut           18%        N/A       10%         1
b - Call Imp              Summ           9%         N/A       14%         2
c - Hailstorm             Conj/Ice       9%         3d4       28%         3
Your spell library was empty.

Dungeon Overview and Level Annotations

Branches:
Dungeon (5/15)             Temple (0/1) D:5

Altars:
Uskayaw
Xom

Shops:
D:3 (

Annotations:
D:5 Blork the orc


Innate Abilities, Weirdness & Mutations

You are immune to sickness and miasma.
You are immune to poison.
Your flesh is very heat resistant. (rF++)
You are vulnerable to cold. (rC-)
You float through the air rather than walking.
You learn spells naturally, not from books.
Your magical power is your life essence.
You have superior vitality. (+4 MHP)


Message History

You hit something.
You hear some strange, mumbled words.
You barely miss something. Something hits you.
You barely miss something.
You hear some strange, mumbled words.
A puff of frost appears from out of thin air!
The puff of frost misses you.
You hear some strange, mumbled words.
A magic dart appears from out of thin air!
The magic dart hits you.
You hit something. Something hits you.
You hit something. Something hits you but does no damage.
You miss something. Something barely misses you.
You hit something. Something hits you but does no damage.
You miss something. Something hits you!
You hit something. Something hits you!
Casting: Call Imp (safe; 14% risk of failure)
Confirm with . or Enter, or press ? or * to list all spells.
A beastly little devil appears in a puff of flame.
Something hits you!
* * * LOW HITPOINT WARNING * * *
Something hits you.
* * * LOW HITPOINT WARNING * * *
It was a potion of attraction.
You feel attractive to monsters.
Xom roars with laughter!
Something hits you.
* * * LOW HITPOINT WARNING * * *
It was a potion of lignification.
You turn into a tree.
Your +3 leather armour melds into your body.
Your roots penetrate the ground.
Xom roars with laughter!
Something hits you but does no damage. x2
It was a potion of cancellation.
Your magical effects are unravelling.
You feel magically purged.
You feel less wooden.
Your +3 leather armour unmelds from your body.
Something hits you.
You die...

#...... ######### #...#
#####...#####
....'...'.)..
###############...#####
.........#####........
##.........##........
#..5@{.....##........
#..........########+#
#...$......# #.#
#####+###### #.. #..
#.. #.. #.. #..


You could see a friendly crimson imp (summoned).

Vanquished Creatures
  A spriggan (shapeshifter) (D:1)
  3 yaks
  Duvessa (D:4)
  A howler monkey (D:4)
  A gnoll bouda (D:4)
  Natasha (twice) (D:3)
  4 gnolls (D:4)
  2 adders (D:3)
  A white imp (D:5)
  An ufetubus (D:4)
  A worm (D:3)
  5 dart slugs
  4 orcs
  7 bats
  10 endoplasms
  6 giant cockroaches
  5 hobgoblins
  6 jackals (D:3)
  4 kobolds
  5 quokkas
  5 ball pythons
  5 frilled lizards
  11 goblins
  5 rats
96 creatures vanquished.

Vanquished Creatures (collateral kills)
  A yak (D:3)
  Dowan (D:4)
2 creatures vanquished.

Vanquished Creatures (others)
  11 plants (D:3)
11 creatures vanquished.

Grand Total: 109 creatures vanquished

Notes
Turn   | Place    | Note
-------+----------+-------------------------------------------
     0 | D:1      | Jannitor the Djinni Chaos Knight began the quest for the
                  | Orb.
     0 | D:1      | Reached XP level 1. HP: 20/20 MP: 0/0
     4 | D:1      | XOM: silly message
    87 | D:1      | Reached XP level 2. HP: 13/25 MP: 0/0
   302 | D:1      | a dart slug changed into a shapeshifter
   302 | D:1      | Noticed a shapeshifter (shapeshifter)
   302 | D:1      | a shapeshifter changed into a spriggan
   302 | D:1      | Noticed a spriggan (shapeshifter)
   314 | D:1      | Killed a spriggan
   315 | D:1      | Reached XP level 3. HP: 20/31 MP: 0/0
   315 | D:1      | Learned a level 1 spell: Beastly Appendage
   315 | D:1      | Reached XP level 4. HP: 24/37 MP: 0/0
   315 | D:1      | Reached XP level 5. HP: 26/41 MP: 0/0
   315 | D:1      | Learned a level 2 spell: Call Imp
   356 | D:1      | XOM: 6-stop teleportation journey
   392 | D:1      | XOM: torment (22/41 hp)
   963 | D:2      | XOM: noise
  1090 | D:2      | Reached XP level 6. HP: 46/47 MP: 0/0
  1357 | D:3      | Found Hoem's Antique Weapon Shoppe.
  1523 | D:3      | XOM: torment (25/47 hp)
  1948 | D:3      | Noticed Natasha
  1958 | D:3      | Killed Natasha
  1993 | D:3      | XOM: god gift: fuming brown potion {god gift}
  2017 | D:3      | XOM: 1-stop teleportation journey
  2108 | D:3      | Noticed Natasha
  2113 | D:3      | Killed Natasha
  2632 | D:4      | Noticed a +0 short sword
  2633 | D:4      | Noticed a +0 short sword
  2633 | D:4      | Noticed a +0 spear
  2634 | D:4      | Noticed a +0 falchion
  2634 | D:4      | Noticed a +0 dagger
  2635 | D:4      | Noticed a +0 dagger
  2635 | D:4      | Noticed a +0 falchion
  2636 | D:4      | Noticed a +0 spear
  2645 | D:4      | Noticed Dowan
  2645 | D:4      | Noticed Duvessa
  2720 | D:4      | XOM: cast spell 'Monstrous Menagerie'
  2723 | D:4      | Killed Dowan
  2724 | D:4      | Reached skill level 1 in Stealth
  2724 | D:4      | Reached XP level 7. HP: 48/53 MP: 0/0
  2724 | D:4      | Learned a level 3 spell: Hailstorm
  2730 | D:4      | Killed Duvessa
  2731 | D:4      | Reached skill level 1 in Spellcasting
  2840 | D:4      | Found a hide-covered altar of Uskayaw.
  2881 | D:4      | Noticed a yak
  2882 | D:4      | Noticed a yak
  2882 | D:4      | XOM: summons 2 friendly demons
  2883 | D:4      | Noticed a yak
  2883 | D:4      | Noticed a yak
  2941 | D:3      | XOM: summons 3 friendly demons
  2948 | D:3      | Killed a yak
  3073 | D:4      | XOM: enchant monster (good)
  3075 | D:4      | Killed a yak
  3076 | D:4      | Reached XP level 8. HP: 57/58 MP: 0/0
  3092 | D:3      | XOM: cast spell 'Olgreb's Toxic Radiance'
  3102 | D:3      | XOM: scenery: create altars
  3111 | D:3      | Killed a yak
  3112 | D:3      | Reached skill level 5 in Fighting
  3112 | D:3      | Reached skill level 5 in Dodging
  3117 | D:3      | XOM: enchant monster (good)
  3120 | D:3      | Killed a yak
  3160 | D:3      | XOM: cloud trail
  3190 | D:4      | XOM: 10-stop teleportation journey
  3193 | D:4      | XOM: divination: detect creatures
  3194 | D:4      | XOM: cleaving
  3364 | D:4      | XOM: 1-stop teleportation journey
  3774 | D:5      | Entered Level 5 of the Dungeon
  3869 | D:5      | Found a staircase to the Ecumenical Temple.
  3928 | D:5      | Noticed Blork the orc
  3928 | D:5      | XOM: 1-stop teleportation journey
  3932 | D:5      | XOM: enchant monster (bad)
  3948 | D:5      | Slain by Blork the orc

Illustrated notes

Levels and vault maps discovered:
D:1:      minmay_arrival_jagged, layout_loops_ring, moated_statue,
          minmay_misc_feat_columns
D:2:      layout_rooms
D:3:      minmay_chambers_of_twos, layout_basic, serial_bayou,
          serial_bayou_crossing, serial_bayou_shore_b, serial_bayou_pond_a,
          serial_bayou_pond_b, serial_shops, shop, nicolae_eternal_life,
          uniq_natasha
D:4:      layout_basic, nicolae_uskayaw_en_pointe, uniq_duvessa
D:5:      layout_basic, minmay_temple_entry_mini_moons, uniq_blork_the_orc

Skill      XL: |  1  2  3  4  5  6  7  8 |
---------------+-------------------------+-----
Short Blades   | 3 4 |  4.9
Armour         | 2 |  2.7
Dodging        | 3 4 5 |  5.4
Fighting       | 4 5 |  5.4
Stealth        | 1 2 3 |  3.0
Spellcasting   | 1 2 |  2.4

Action                     |  1- 3 |  4- 6 |  7- 9 || total
---------------------------+-------+-------+-------++-------
  Melee: Short sword       |    63 |    61 |       ||   124
         Dagger            |       |   134 |    88 ||   222
         Punch             |       |     2 |     1 ||     3
   Cast: Call Imp          |       |       |     2 ||     2
    Use: Scroll            |     1 |     4 |       ||     5
         Potion            |       |       |     3 ||     3
   Stab: Sleeping          |     1 |     2 |       ||     3
         Confused          |     1 |       |       ||     1
         Paralysed         |       |       |     4 ||     4
         Distracted        |       |       |     1 ||     1
 Armour: Leather armour    |    17 |    63 |    20 ||   100
         Skin              |       |       |     2 ||     2
  Dodge: Dodged            |    22 |   104 |    58 ||   184

Table legend: (Time is in decaauts)
 A = Elapsed time spent in this place.
 B = Non-inter-level travel time spent in this place.
 C = Inter-level travel time spent in this place.
 D = Time resting spent in this place.
 E = Time spent auto-exploring this place.
 F = Levels seen in this place.
 G = Mean time per level.
                   A        B        C        D        E       F      G
               +--------+--------+--------+--------+--------+-----+--------+
         Total |   3894 |   3711 |    183 |    342 |   2589 |   5 |  778.8 |
       Dungeon |   3894 |   3711 |    183 |    342 |   2589 |   5 |  778.8 |
               +--------+--------+--------+--------+--------+-----+--------+

Top non-repeatable levels by time:
     D:3: 1652 daAuts
     D:1: 949 daAuts
     D:4: 762 daAuts
     D:2: 361 daAuts
     D:5: 168 daAuts
